 Dungeon Crawl Stone Soup version 0.29.0-4-gdea44cf6ec (webtiles) character file.

Game seed: 14163822588240268707

19567 qw the Brawler (level 12, -4/104 HPs)
             Began as a Ghoul Enchanter on Sept 4, 2022.
             Slain by a seven-headed hydra (12 damage)
             ... on level 11 of the Dungeon.
             The game lasted 00:06:23 (12037 turns).

qw the Brawler (Ghoul Enchanter)                   Turns: 12037, Time: 00:06:23

Health: -4/104     AC: 23    Str: 23    XL:     12   Next: 70%
Magic:  13/13      EV:  1    Int: 10    God:
Gold:   461        SH: 33    Dex:  9    Spells: 14/14 levels left

rFire   . . .      SeeInvis .     - Unarmed
rCold   + . .      Faith    .   i - +18 shield of the Gong {rElec rN+ Will+ EV-5}
rNeg    + + +      Spirit   .   d - +0 plate armour
rPois   inf        Reflect  +   s - +2 hat
rElec   +          Harm     .   (no cloak)
rCorr   .          Rampage  .   o - +0 pair of gloves
Will    +....                   p - +2 pair of boots
Stlth   ..........              l - amulet of reflection
HPRegen 0.00/turn               g - +4 ring of protection
MPRegen 0.13/turn               r - +6 ring of strength

@: inhibited regen
A: claws 1, cold resistance 1, negative energy resistance 3, inhibited
regeneration, torment resistance 2, devour on kill
a: no special abilities


You were on level 11 of the Dungeon.
You visited 1 branch of the dungeon, and saw 11 of its levels.

You collected 686 gold pieces.
You spent 225 gold pieces at shops.


Innate Abilities, Weirdness & Mutations

You are immune to poison.
You have sharp fingernails.
Your flesh is cold resistant. (rC+)
You are immune to negative energy. (rN+++)
You do not regenerate when monsters are visible.
You are immune to unholy pain and torment.
You thrive by killing the living.


   Skills:
 - Level 9.1 Fighting
 - Level 0.8 Short Blades
 - Level 1.3 Throwing
 - Level 6.0 Armour
 - Level 2.3 Dodging
 - Level 3.2 Stealth
 + Level 8.6 Shields
 - Level 16.0 Unarmed Combat
 - Level 1.7 Spellcasting
 - Level 2.4 Hexes


You had 14 spell levels left.
You didn't know any spells.
Your spell library contained the following spells:

 Spells                   Type           Power      Damage    Failure   Level
 Ensorcelled Hibernation  Hex/Ice        6%         N/A       100%        2
 Confusing Touch          Hex            5%         N/A       100%        3
 Dazzling Flash           Conj/Hex       6%         N/A       100%        3
 Tukima's Dance           Hex            5%         N/A       100%        3

Inventory:

Armour
 d - a +0 plate armour (worn)
 f - the +6 scale mail "Jyuboeng" {rElec rPois rCorr}
   (You found it on level 3 of the Dungeon)

   rElec:     It insulates you from electricity.
   rPois:     It protects you from poison.
   rCorr:     It protects you from acid and corrosion.
 i - the +18 shield of the Gong (worn) {rElec rN+ Will+ EV-5}
   (You acquired it on level 4 of the Dungeon)

   It is deafeningly noisy when blocking attacks.
   EV:        It affects your evasion (-5).
   rElec:     It insulates you from electricity.
   rN:        It protects you from negative energy.
   Will:      It increases your willpower.
 o - a +0 pair of gloves (worn)
 p - a +2 pair of boots (worn)
 s - a +2 hat (worn)
Jewellery
 g - a +4 ring of protection (left hand)
 l - an amulet of reflection (around neck)
 m - a ring of fire
 r - a +6 ring of strength (right hand)
Scrolls
 e - 2 scrolls of enchant weapon
 k - 2 scrolls of identify
Potions
 a - a potion of resistance
 h - 3 potions of mutation
 j - a potion of haste
 n - a potion of might
 q - 5 potions of curing

Dungeon Overview and Level Annotations

Branches:
Dungeon (11/15)            Temple (0/1) D:7            Lair (0/5) D:8
    Orc: D:9-12

Altars:
Gozag
Makhleb
Vehumet

Shops:
D:8 [

Annotations:
D:5 2 transporters, 1 runed translucent door, Crazy Yiuf; qw's ghost, novice FoCA
D:9 2 runed translucent doors


Message History

GONNNNG!
The seven-headed hydra bites you.
The seven-headed hydra bites you but does no damage. x3
You block the seven-headed hydra's attack.
GONNNNG!
You block the seven-headed hydra's attack.
GONNNNG!
The seven-headed hydra bites you!
You pummel the seven-headed hydra!!
The seven-headed hydra is moderately wounded.
The yak gores you! You block the komodo dragon's attack.
GONNNNG!
You block the seven-headed hydra's attack.
PTOANNNG!
The seven-headed hydra bites you.
The seven-headed hydra bites you but does no damage.
You block the seven-headed hydra's attack.
GONNNNG!
You block the seven-headed hydra's attack.
GONNNNG!
The seven-headed hydra bites you!
The seven-headed hydra bites you but does no damage.
You punch the seven-headed hydra!
The seven-headed hydra is heavily wounded.
You block the yak's attack.
PANG!
You hit the seven-headed hydra.
The seven-headed hydra is heavily wounded.
You block the komodo dragon's attack.
BONNNG!
You block the seven-headed hydra's attack.
BOUMMMMG!
The seven-headed hydra bites you.
You block the seven-headed hydra's attack.
GONNNNG!
The seven-headed hydra bites you! The seven-headed hydra bites you.
You block the seven-headed hydra's attack.
GONNNNG!
The seven-headed hydra bites you!
You die...

############ ##
#......Y.... ...
#.#)######.#######.#
#.#### #.##......# ..
#[##@###.##......##..
.#[)YDl.#...>......:..
#.............#..........
###.#.......?.#...##.....
#.#.........).......... #
#...........#.##.....
#.............%......
......................
.####.##.#...#..#.....


You could see a seven-headed hydra, a komodo dragon and a yak.

Vanquished Creatures
  A hydra (D:11)
  Fannar (D:10)
  A two-headed ogre (D:11)
  3 death yaks (D:8)
  Lodul (D:11)
  2 ugly things (D:11)
  3 cyclopes (D:11)
  Joseph (D:7)
  3 gargoyles
  5 trolls
  A hornet (D:10)
  A vampire (D:9)
  A shadow (D:9)
  3 wraiths
  28 yaks
  2 wyverns
  2 steam dragons
  3 vampire mosquitoes (D:11)
  Menkaure (D:7)
  Edmund (D:4)
  A water moccasin (D:5)
  An acid dragon (D:9)
  5 orc warriors
  2 ice beasts
  A sky beast (D:7)
  9 ogres (D:11)
  A phantom (D:4)
  6 centaurs
  3 bullfrogs
  A kobold brigand (D:8)
  3 necrophages
  19 wights
  9 killer bees (D:10)
  A howler monkey (D:10)
  4 hounds
  A gnoll bouda (D:5)
  2 orc priests
  6 jellies
  3 iguanas
  9 orc wizards
  Ijyb (D:3)
  10 gnolls
  5 adders
  4 shadow imps
  5 white imps
  2 worms
  4 dart slugs
  38 orcs
  9 ball pythons
  6 endoplasms
  8 goblins
  5 hobgoblins
  3 jackals (D:5)
  6 quokkas
  2 frilled lizards
  12 kobolds
  10 rats
281 creatures vanquished.

Vanquished Creatures (others)
  An orc wizard (D:3)
  A plant (D:9)
2 creatures vanquished.

Grand Total: 283 creatures vanquished

Notes
Turn   | Place    | Note
-------+----------+-------------------------------------------
     0 | D:1      | qw the Ghoul Enchanter began the quest for the Orb.
     0 | D:1      | Reached XP level 1. HP: 14/14 MP: 2/2
     0 | D:1      | 0 ||| qw: Version: 0.1-a-103-gd6f5d3a
     0 | D:1      | 0 ||| qw: Game counter: 5764
     0 | D:1      | 0 ||| qw: Always use a shield: true
     0 | D:1      | 0 ||| qw: God list: Okawaru
     0 | D:1      | 0 ||| qw: Allow faded altars: false
     0 | D:1      | 0 ||| qw: Do Orc after D:15 true
     0 | D:1      | 0 ||| qw: Do second Lair branch before Depths: true
     0 | D:1      | 0 ||| qw: Lair rune preference: random
     0 | D:1      | 0 ||| qw: Plans: Normal
     0 | D:1      | 0 ||| PLANNING D:1-11
     1 | D:1      | 1 ||| DROPPING +1 dagger.
    25 | D:1      | 25 ||| Stepping ~*~*~tactically~*~*~ (outnumbered).
   181 | D:1      | Reached skill level 1 in Unarmed Combat
   196 | D:1      | 196 ||| Stepping ~*~*~tactically~*~*~ (stealth).
   201 | D:1      | 201 ||| Stepping ~*~*~tactically~*~*~ (stealth).
   208 | D:1      | Reached XP level 2. HP: 16/22 MP: 3/3
   210 | D:1      | Reached skill level 1 in Fighting
   219 | D:1      | 219 ||| Stepping ~*~*~tactically~*~*~ (stealth).
   254 | D:1      | 254 ||| Stepping ~*~*~tactically~*~*~ (stealth).
   255 | D:1      | 255 ||| Stepping ~*~*~tactically~*~*~ (stealth).
   257 | D:1      | 257 ||| Stepping ~*~*~tactically~*~*~ (stealth).
   258 | D:1      | 258 ||| Stepping ~*~*~tactically~*~*~ (stealth).
   264 | D:1      | 264 ||| Stepping ~*~*~tactically~*~*~ (stealth).
   269 | D:1      | 269 ||| Stepping ~*~*~tactically~*~*~ (stealth).
   272 | D:1      | 272 ||| Stepping ~*~*~tactically~*~*~ (stealth).
   273 | D:1      | 273 ||| Stepping ~*~*~tactically~*~*~ (stealth).
   289 | D:1      | 289 ||| Stepping ~*~*~tactically~*~*~ (stealth).
   321 | D:1      | 321 ||| Stepping ~*~*~tactically~*~*~ (stealth).
   353 | D:1      | 353 ||| Stepping ~*~*~tactically~*~*~ (hiding).
   455 | D:1      | 455 ||| Stepping ~*~*~tactically~*~*~ (hiding).
   557 | D:1      | 557 ||| Stepping ~*~*~tactically~*~*~ (hiding).
   659 | D:1      | 659 ||| Stepping ~*~*~tactically~*~*~ (hiding).
   761 | D:1      | 761 ||| Stepping ~*~*~tactically~*~*~ (hiding).
   863 | D:1      | 863 ||| Stepping ~*~*~tactically~*~*~ (hiding).
   965 | D:1      | 965 ||| Stepping ~*~*~tactically~*~*~ (hiding).
  1050 | D:1      | 1050 ||| Stepping ~*~*~tactically~*~*~ (outnumbered).
  1052 | D:1      | 1052 ||| Stepping ~*~*~tactically~*~*~ (outnumbered).
  1158 | D:1      | Reached skill level 2 in Unarmed Combat
  1708 | D:1      | Reached XP level 3. HP: 22/28 MP: 4/4
  2030 | D:1      | 2030 ||| UPGRADING to +0 leather armour.
  2040 | D:1      | 2040 ||| DROPPING +0 robe.
  2041 | D:1      | 2041 ||| UPGRADING to +0 ring mail.
  2051 | D:1      | 2051 ||| DROPPING +0 leather armour.
  2052 | D:1      | 2052 ||| UPGRADING to +4 ring of protection.
  2053 | D:1      | 2053 ||| READING scroll labelled COISHAHEOT.
  2054 | D:1      | 2054 ||| READING scroll labelled KAIPHA GOISTI.
  2055 | D:1      | 2055 ||| DROPPING 2 potions of invisibility.
  2157 | D:2      | 2157 ||| Stepping ~*~*~tactically~*~*~ (stealth).
  2166 | D:2      | 2166 ||| Stepping ~*~*~tactically~*~*~ (stealth).
  2195 | D:2      | Reached skill level 3 in Unarmed Combat
  2642 | D:2      | Reached XP level 4. HP: 29/35 MP: 5/5
  2767 | D:2      | 2767 ||| READING scroll labelled ZIAMIEKHETA.
  2868 | D:2      | 2868 ||| DRINKING 2 brown potions.
  2869 | D:2      | 2869 ||| DRINKING 2 glowing amethyst potions.
  2870 | D:2      | 2870 ||| DRINKING 2 viscous sapphire potions.
  2871 | D:2      | 2871 ||| DROPPING potion of berserk rage.
  2885 | D:3      | Identified the +6 scale mail "Jyuboeng" {rElec rPois rCorr}
  2895 | D:3      | Found a faded altar of an unknown god.
  2896 | D:3      | 2896 ||| Stepping ~*~*~tactically~*~*~ (hiding).
  2902 | D:3      | 2902 ||| Stepping ~*~*~tactically~*~*~ (stealth).
  2904 | D:3      | 2904 ||| Stepping ~*~*~tactically~*~*~ (stealth).
  2913 | D:3      | Reached skill level 4 in Unarmed Combat
  3002 | D:3      | 3002 ||| FLEEEEING.
  3114 | D:3      | 3114 ||| Stepping ~*~*~tactically~*~*~ (hiding).
  3157 | D:3      | 3157 ||| Stepping ~*~*~tactically~*~*~ (hiding).
  3158 | D:3      | 3158 ||| Stepping ~*~*~tactically~*~*~ (stealth).
  3261 | D:3      | 3261 ||| Stepping ~*~*~tactically~*~*~ (hiding).
  3341 | D:3      | 3341 ||| Stepping ~*~*~tactically~*~*~ (stealth).
  3344 | D:3      | 3344 ||| Stepping ~*~*~tactically~*~*~ (hiding).
  3345 | D:3      | 3345 ||| Stepping ~*~*~tactically~*~*~ (stealth).
  3354 | D:3      | 3354 ||| Stepping ~*~*~tactically~*~*~ (stealth).
  3357 | D:3      | 3357 ||| Stepping ~*~*~tactically~*~*~ (hiding).
  3359 | D:3      | 3359 ||| Stepping ~*~*~tactically~*~*~ (hiding).
  3366 | D:3      | 3366 ||| Stepping ~*~*~tactically~*~*~ (stealth).
  3474 | D:3      | Reached XP level 5. HP: 41/41 MP: 6/6
  3476 | D:3      | 3476 ||| Stepping ~*~*~tactically~*~*~ (hiding).
  3477 | D:3      | 3477 ||| Stepping ~*~*~tactically~*~*~ (hiding).
  3501 | D:3      | 3501 ||| DRINKING potion of curing.
  3501 | D:3      | 3501 ||| (to cure confusion)
  3674 | D:3      | Noticed Ijyb
  3688 | D:3      | Killed Ijyb
  3689 | D:3      | Reached skill level 5 in Unarmed Combat
  3919 | D:3      | 3919 ||| Stepping ~*~*~tactically~*~*~ (stealth).
  4144 | D:3      | 4144 ||| UPGRADING to +6 scale mail "Jyuboeng" {rElec rPois
                  | rCorr}.
  4154 | D:3      | 4154 ||| DROPPING +0 ring mail.
  4155 | D:3      | 4155 ||| DROPPING orb of guile.
  4156 | D:3      | 4156 ||| READING scroll labelled GOELUB YMEB UMEY.
  4157 | D:3      | 4157 ||| READING scroll labelled BURPHY FYHAR.
  4158 | D:3      | 4158 ||| DRINKING 2 lumpy blue potions.
  4159 | D:3      | 4159 ||| DRINKING 2 bubbling black potions.
  4160 | D:3      | 4160 ||| DROPPING potion of attraction.
  4161 | D:3      | 4161 ||| DROPPING potion of lignification.
  4264 | D:4      | 4264 ||| Stepping ~*~*~tactically~*~*~ (stealth).
  4322 | D:4      | Reached XP level 6. HP: 38/48 MP: 7/7
  4434 | D:4      | 4434 ||| Stepping ~*~*~tactically~*~*~ (hiding).
  4443 | D:4      | Reached skill level 6 in Unarmed Combat
  4474 | D:4      | 4474 ||| Stepping ~*~*~tactically~*~*~ (stealth).
  4575 | D:4      | Noticed Edmund
  4604 | D:4      | Killed Edmund
  4831 | D:4      | Reached XP level 7. HP: 59/59 MP: 8/8
  4990 | D:4      | Reached skill level 1 in Armour
  5193 | D:4      | 5193 ||| UPGRADING to amulet of reflection.
  5198 | D:4      | 5198 ||| READING scroll labelled TENGUNL LAUD.
  5202 | D:4      | 5202 ||| READING scroll labelled VOSYOV TIQ.
  5203 | D:4      | 5203 ||| READING scroll labelled VEB MOMIKK.
  5203 | D:4      | Identified a scroll of acquirement
  5203 | D:4      | 5203 ||| ACQUIRING +18 shield of the Gong {rElec rN+ Will+
                  | EV-5}
  5203 | D:4      | Acquired the +18 shield of the Gong {rElec rN+ Will+ EV-5}
  5203 | D:4      | Found the +18 shield of the Gong {rElec rN+ Will+ EV-5}
  5205 | D:4      | 5205 ||| UPGRADING to +18 shield of the Gong {rElec rN+
                  | Will+ EV-5}.
  5210 | D:4      | 5210 ||| DRINKING 2 fuming emerald potions.
  5211 | D:4      | 5211 ||| DROPPING potion of degeneration.
  5227 | D:5      | Entered Level 5 of the Dungeon
  5263 | D:5      | 5263 ||| Stepping ~*~*~tactically~*~*~ (hiding).
  5283 | D:5      | 5283 ||| Stepping ~*~*~tactically~*~*~ (hiding).
  5295 | D:5      | Reached skill level 1 in Shields
  5322 | D:5      | 5322 ||| Stepping ~*~*~tactically~*~*~ (stealth).
  5356 | D:5      | 5356 ||| Stepping ~*~*~tactically~*~*~ (stealth).
  5368 | D:5      | 5368 ||| Stepping ~*~*~tactically~*~*~ (stealth).
  5391 | D:5      | Identified the +0 robe of Love and Death {Dex+4}
  5394 | D:5      | Found a transporter.
  5401 | D:5      | Noticed qw's ghost (novice FoCA)
  5408 | D:5      | 5408 ||| Stepping ~*~*~tactically~*~*~ (hiding).
  5410 | D:5      | 5410 ||| Stepping ~*~*~tactically~*~*~ (hiding).
  5473 | D:5      | Reached skill level 3 in Shields
  5539 | D:5      | Found a transporter.
  5687 | D:5      | 5687 ||| Stepping ~*~*~tactically~*~*~ (hiding).
  5713 | D:5      | Reached skill level 7 in Unarmed Combat
  5713 | D:5      | Reached XP level 8. HP: 60/66 MP: 9/9
  5929 | D:5      | Found a runed translucent door.
  5930 | D:5      | Noticed Crazy Yiuf
  6102 | D:5      | 6102 ||| READING 2 scrolls labelled HASUGG GIYLAD.
  6103 | D:5      | 6103 ||| READING scroll labelled ZAITEQIYXUB.
  6104 | D:5      | 6104 ||| DROPPING scroll of blinking.
  6166 | D:6      | 6166 ||| Stepping ~*~*~tactically~*~*~ (stealth).
  6170 | D:6      | Noticed a gargoyle
  6181 | D:6      | Killed a gargoyle
  6204 | D:6      | 6204 ||| Stepping ~*~*~tactically~*~*~ (stealth).
  6283 | D:6      | Reached skill level 8 in Unarmed Combat
  6303 | D:6      | 6303 ||| Stepping ~*~*~tactically~*~*~ (hiding).
  6304 | D:6      | 6304 ||| Stepping ~*~*~tactically~*~*~ (hiding).
  6306 | D:6      | 6306 ||| Stepping ~*~*~tactically~*~*~ (hiding).
  6436 | D:6      | Reached skill level 9 in Unarmed Combat
  6436 | D:6      | Reached XP level 9. HP: 63/71 MP: 10/10
  6561 | D:6      | 6561 ||| Stepping ~*~*~tactically~*~*~ (stealth).
  6762 | D:6      | 6762 ||| UPGRADING to +6 ring of strength.
  6763 | D:6      | 6763 ||| READING scroll labelled NYGEOF ZYDIA.
  6764 | D:6      | 6764 ||| DRINKING 4 dark potions.
  6765 | D:6      | 6765 ||| DRINKING 2 yellow potions.
  6766 | D:6      | 6766 ||| READING 3 scrolls of identify.
  6766 | D:6      | 6766 ||| IDENTIFYING smoky grey potion
  6767 | D:6      | 6767 ||| READING 2 scrolls of identify.
  6767 | D:6      | 6767 ||| IDENTIFYING metallic yellow potion
  6768 | D:6      | 6768 ||| DROPPING potion of brilliance.
  6769 | D:6      | 6769 ||| DROPPING potion of ambrosia.
  6812 | D:7      | 6812 ||| Stepping ~*~*~tactically~*~*~ (stealth).
  6814 | D:7      | 6814 ||| Stepping ~*~*~tactically~*~*~ (hiding).
  6835 | D:7      | Noticed Menkaure
  6841 | D:7      | Killed Menkaure
  6873 | D:7      | 6873 ||| Stepping ~*~*~tactically~*~*~ (hiding).
  6876 | D:7      | 6876 ||| Stepping ~*~*~tactically~*~*~ (hiding).
  6912 | D:7      | Noticed Joseph
  6913 | D:7      | 6913 ||| Stepping ~*~*~tactically~*~*~ (hiding).
  6945 | D:7      | Killed Joseph
  6946 | D:7      | Reached skill level 10 in Unarmed Combat
  7223 | D:7      | 7223 ||| Stepping ~*~*~tactically~*~*~ (stealth).
  7225 | D:7      | 7225 ||| Stepping ~*~*~tactically~*~*~ (hiding).
  7228 | D:7      | 7228 ||| Stepping ~*~*~tactically~*~*~ (hiding).
  7230 | D:7      | 7230 ||| Stepping ~*~*~tactically~*~*~ (hiding).
  7370 | D:7      | Reached skill level 1 in Throwing
  7396 | D:7      | Reached skill level 6 in Fighting
  7467 | D:7      | 7467 ||| Stepping ~*~*~tactically~*~*~ (cloud).
  7473 | D:7      | 7473 ||| Stepping ~*~*~tactically~*~*~ (cloud).
  7591 | D:7      | 7591 ||| Stepping ~*~*~tactically~*~*~ (stealth).
  7596 | D:7      | 7596 ||| Stepping ~*~*~tactically~*~*~ (stealth).
  7597 | D:7      | 7597 ||| Stepping ~*~*~tactically~*~*~ (stealth).
  7601 | D:7      | 7601 ||| Stepping ~*~*~tactically~*~*~ (stealth).
  7602 | D:7      | 7602 ||| Stepping ~*~*~tactically~*~*~ (stealth).
  7657 | D:7      | Found a staircase to the Ecumenical Temple.
  7800 | D:7      | 7800 ||| READING scroll labelled VAXANL CEQIGE.
  7801 | D:7      | 7801 ||| READING 2 scrolls of identify.
  7801 | D:7      | 7801 ||| IDENTIFYING puce potion
  7802 | D:7      | 7802 ||| DROPPING potion of flight.
  7848 | D:8      | 7848 ||| Stepping ~*~*~tactically~*~*~ (hiding).
  7855 | D:8      | 7855 ||| Stepping ~*~*~tactically~*~*~ (hiding).
  7856 | D:8      | 7856 ||| Stepping ~*~*~tactically~*~*~ (hiding).
  7923 | D:8      | Reached skill level 11 in Unarmed Combat
  7924 | D:8      | 7924 ||| Stepping ~*~*~tactically~*~*~ (outnumbered).
  7925 | D:8      | 7925 ||| Stepping ~*~*~tactically~*~*~ (outnumbered).
  7926 | D:8      | 7926 ||| Stepping ~*~*~tactically~*~*~ (outnumbered).
  7929 | D:8      | 7929 ||| Stepping ~*~*~tactically~*~*~ (outnumbered).
  7930 | D:8      | 7930 ||| Stepping ~*~*~tactically~*~*~ (outnumbered).
  7933 | D:8      | Reached XP level 10. HP: 50/83 MP: 11/11
  7946 | D:8      | Reached skill level 6 in Shields
  7962 | D:8      | 7962 ||| Stepping ~*~*~tactically~*~*~ (outnumbered).
  7965 | D:8      | 7965 ||| Stepping ~*~*~tactically~*~*~ (outnumbered).
  8054 | D:8      | Noticed a death yak
  8055 | D:8      | 8055 ||| Stepping ~*~*~tactically~*~*~ (stealth).
  8058 | D:8      | 8058 ||| Stepping ~*~*~tactically~*~*~ (stealth).
  8068 | D:8      | Noticed a death yak
  8074 | D:8      | Noticed a death yak
  8088 | D:8      | Killed a death yak
  8089 | D:8      | Reached skill level 12 in Unarmed Combat
  8093 | D:8      | HP: 12/83 [death yak (21)]
  8094 | D:8      | 8094 ||| READING scroll of teleportation.
  8095 | D:8      | 8095 ||| DRINKING 3 potions of heal wounds.
  8245 | D:8      | 8245 ||| Stepping ~*~*~tactically~*~*~ (stealth).
  8247 | D:8      | 8247 ||| Stepping ~*~*~tactically~*~*~ (stealth).
  8260 | D:8      | 8260 ||| Stepping ~*~*~tactically~*~*~ (stealth).
  8318 | D:8      | 8318 ||| Stepping ~*~*~tactically~*~*~ (outnumbered).
  8320 | D:8      | 8320 ||| Stepping ~*~*~tactically~*~*~ (outnumbered).
  8321 | D:8      | 8321 ||| Stepping ~*~*~tactically~*~*~ (outnumbered).
  8324 | D:8      | 8324 ||| Stepping ~*~*~tactically~*~*~ (outnumbered).
  8325 | D:8      | 8325 ||| Stepping ~*~*~tactically~*~*~ (outnumbered).
  8326 | D:8      | 8326 ||| Stepping ~*~*~tactically~*~*~ (outnumbered).
  8327 | D:8      | 8327 ||| Stepping ~*~*~tactically~*~*~ (outnumbered).
  8330 | D:8      | 8330 ||| Stepping ~*~*~tactically~*~*~ (outnumbered).
  8535 | D:8      | Found a staircase to the Lair.
  8816 | D:8      | 8816 ||| Stepping ~*~*~tactically~*~*~ (outnumbered).
  8817 | D:8      | 8817 ||| Stepping ~*~*~tactically~*~*~ (outnumbered).
  8823 | D:8      | Killed a death yak
  8825 | D:8      | 8825 ||| Stepping ~*~*~tactically~*~*~ (stealth).
  8827 | D:8      | 8827 ||| Stepping ~*~*~tactically~*~*~ (outnumbered).
  8830 | D:8      | 8830 ||| Stepping ~*~*~tactically~*~*~ (outnumbered).
  8836 | D:8      | Killed a death yak
  8839 | D:8      | Reached skill level 13 in Unarmed Combat
  8839 | D:8      | Reached XP level 11. HP: 92/92 MP: 12/12
  8912 | D:8      | Found Jiob's Armour Emporium.
  8917 | D:8      | 8917 ||| BUYING +0 pair of boots (49 gold).
  8917 | D:8      | Bought a +0 pair of boots for 49 gold pieces
  8917 | D:8      | 8917 ||| BUYING +2 hat (176 gold).
  8917 | D:8      | Bought a +2 hat for 176 gold pieces
  8917 | D:8      | 8917 ||| UPGRADING to +0 plate armour.
  8927 | D:8      | 8927 ||| UPGRADING to +0 pair of boots.
  8932 | D:8      | 8932 ||| UPGRADING to +2 hat.
  8937 | D:8      | 8937 ||| READING scroll labelled LOGHUT OCHAMIO.
  8938 | D:8      | 8938 ||| DRINKING 2 pink potions.
  9008 | D:9      | 9008 ||| Stepping ~*~*~tactically~*~*~ (outnumbered).
  9010 | D:9      | 9010 ||| Stepping ~*~*~tactically~*~*~ (outnumbered).
  9013 | D:9      | 9013 ||| Stepping ~*~*~tactically~*~*~ (outnumbered).
  9014 | D:9      | 9014 ||| Stepping ~*~*~tactically~*~*~ (outnumbered).
  9015 | D:9      | 9015 ||| Stepping ~*~*~tactically~*~*~ (outnumbered).
  9016 | D:9      | 9016 ||| Stepping ~*~*~tactically~*~*~ (outnumbered).
  9017 | D:9      | 9017 ||| Stepping ~*~*~tactically~*~*~ (outnumbered).
  9018 | D:9      | 9018 ||| Stepping ~*~*~tactically~*~*~ (outnumbered).
  9043 | D:9      | Reached skill level 3 in Armour
  9052 | D:9      | 9052 ||| Stepping ~*~*~tactically~*~*~ (outnumbered).
  9053 | D:9      | 9053 ||| Stepping ~*~*~tactically~*~*~ (outnumbered).
  9069 | D:9      | 9069 ||| Stepping ~*~*~tactically~*~*~ (outnumbered).
  9078 | D:9      | HP: 23/92 [wight/+0 morningstar (6)]
  9079 | D:9      | 9079 ||| READING scroll of teleportation.
  9080 | D:9      | 9080 ||| DRINKING 2 potions of heal wounds.
  9184 | D:9      | 9184 ||| Invisible monster not found???
  9324 | D:9      | Found a radiant altar of Vehumet.
  9394 | D:9      | 9394 ||| Stepping ~*~*~tactically~*~*~ (outnumbered).
  9395 | D:9      | 9395 ||| Stepping ~*~*~tactically~*~*~ (outnumbered).
  9396 | D:9      | 9396 ||| Stepping ~*~*~tactically~*~*~ (outnumbered).
  9397 | D:9      | 9397 ||| Stepping ~*~*~tactically~*~*~ (outnumbered).
  9398 | D:9      | 9398 ||| Stepping ~*~*~tactically~*~*~ (outnumbered).
  9399 | D:9      | 9399 ||| Stepping ~*~*~tactically~*~*~ (outnumbered).
  9400 | D:9      | 9400 ||| Stepping ~*~*~tactically~*~*~ (outnumbered).
  9401 | D:9      | 9401 ||| Stepping ~*~*~tactically~*~*~ (outnumbered).
  9403 | D:9      | 9403 ||| Stepping ~*~*~tactically~*~*~ (outnumbered).
  9404 | D:9      | 9404 ||| Stepping ~*~*~tactically~*~*~ (outnumbered).
  9405 | D:9      | 9405 ||| Stepping ~*~*~tactically~*~*~ (outnumbered).
  9406 | D:9      | 9406 ||| Stepping ~*~*~tactically~*~*~ (outnumbered).
  9427 | D:9      | 9427 ||| Stepping ~*~*~tactically~*~*~ (hiding).
  9428 | D:9      | 9428 ||| Stepping ~*~*~tactically~*~*~ (hiding).
  9429 | D:9      | 9429 ||| Stepping ~*~*~tactically~*~*~ (hiding).
  9448 | D:9      | 9448 ||| Stepping ~*~*~tactically~*~*~ (outnumbered).
  9449 | D:9      | 9449 ||| Stepping ~*~*~tactically~*~*~ (outnumbered).
  9453 | D:9      | 9453 ||| Stepping ~*~*~tactically~*~*~ (outnumbered).
  9454 | D:9      | 9454 ||| Stepping ~*~*~tactically~*~*~ (outnumbered).
  9455 | D:9      | 9455 ||| Stepping ~*~*~tactically~*~*~ (outnumbered).
  9456 | D:9      | 9456 ||| Stepping ~*~*~tactically~*~*~ (outnumbered).
  9458 | D:9      | 9458 ||| Stepping ~*~*~tactically~*~*~ (outnumbered).
  9459 | D:9      | 9459 ||| Stepping ~*~*~tactically~*~*~ (outnumbered).
  9460 | D:9      | 9460 ||| Stepping ~*~*~tactically~*~*~ (outnumbered).
  9460 | D:9      | Noticed an orange crystal statue
  9461 | D:9      | 9461 ||| Stepping ~*~*~tactically~*~*~ (outnumbered).
  9461 | D:9      | Found a runed translucent door.
  9462 | D:9      | 9462 ||| Stepping ~*~*~tactically~*~*~ (outnumbered).
  9462 | D:9      | Found the +10 tower shield of Ignorance {rN+ Int-4}
  9465 | D:9      | 9465 ||| Stepping ~*~*~tactically~*~*~ (outnumbered).
  9466 | D:9      | 9466 ||| Stepping ~*~*~tactically~*~*~ (outnumbered).
  9467 | D:9      | 9467 ||| Stepping ~*~*~tactically~*~*~ (outnumbered).
  9468 | D:9      | 9468 ||| Stepping ~*~*~tactically~*~*~ (outnumbered).
  9469 | D:9      | 9469 ||| Stepping ~*~*~tactically~*~*~ (outnumbered).
  9470 | D:9      | 9470 ||| Stepping ~*~*~tactically~*~*~ (outnumbered).
  9471 | D:9      | 9471 ||| Stepping ~*~*~tactically~*~*~ (outnumbered).
  9472 | D:9      | 9472 ||| Stepping ~*~*~tactically~*~*~ (outnumbered).
  9473 | D:9      | 9473 ||| Stepping ~*~*~tactically~*~*~ (outnumbered).
  9474 | D:9      | 9474 ||| Stepping ~*~*~tactically~*~*~ (outnumbered).
  9475 | D:9      | 9475 ||| Stepping ~*~*~tactically~*~*~ (outnumbered).
  9476 | D:9      | 9476 ||| Stepping ~*~*~tactically~*~*~ (hiding).
  9714 | D:9      | Found a runed translucent door.
  9886 | D:9      | 9886 ||| Stepping ~*~*~tactically~*~*~ (stealth).
  9887 | D:9      | 9887 ||| Stepping ~*~*~tactically~*~*~ (stealth).
  9890 | D:9      | 9890 ||| Stepping ~*~*~tactically~*~*~ (stealth).
 10076 | D:9      | 10076 ||| Stepping randomly (stuck).
 10094 | D:10     | Entered Level 10 of the Dungeon
 10116 | D:10     | 10116 ||| Stepping ~*~*~tactically~*~*~ (stealth).
 10191 | D:10     | Reached skill level 14 in Unarmed Combat
 10197 | D:10     | 10197 ||| Stepping ~*~*~tactically~*~*~ (outnumbered).
 10198 | D:10     | 10198 ||| Stepping ~*~*~tactically~*~*~ (outnumbered).
 10199 | D:10     | 10199 ||| Stepping ~*~*~tactically~*~*~ (outnumbered).
 10200 | D:10     | 10200 ||| Stepping ~*~*~tactically~*~*~ (outnumbered).
 10201 | D:10     | 10201 ||| Stepping ~*~*~tactically~*~*~ (outnumbered).
 10201 | D:10     | Noticed Fannar
 10238 | D:10     | Killed Fannar
 10325 | D:10     | 10325 ||| Stepping ~*~*~tactically~*~*~ (outnumbered).
 10327 | D:10     | 10327 ||| Stepping ~*~*~tactically~*~*~ (outnumbered).
 10649 | D:10     | 10649 ||| READING scroll of enchant armour.
 10649 | D:10     | 10649 ||| ENCHANTING +0 pair of boots.
 10690 | D:10     | Found an opulent altar of Gozag.
 10699 | D:10     | Found a burning altar of Makhleb.
 10883 | D:10     | 10883 ||| READING scroll of enchant armour.
 10883 | D:10     | 10883 ||| ENCHANTING +1 pair of boots.
 11301 | D:10     | 11301 ||| UPGRADING to +0 pair of gloves.
 11306 | D:10     | 11306 ||| DROPPING amulet of regeneration.
 11307 | D:10     | 11307 ||| READING scroll labelled REANWEXUAN.
 11364 | D:11     | 11364 ||| Stepping ~*~*~tactically~*~*~ (stealth).
 11377 | D:11     | Noticed Lodul
 11381 | D:11     | 11381 ||| Stepping ~*~*~tactically~*~*~ (outnumbered).
 11382 | D:11     | 11382 ||| Stepping ~*~*~tactically~*~*~ (outnumbered).
 11383 | D:11     | 11383 ||| Stepping ~*~*~tactically~*~*~ (hiding).
 11384 | D:11     | 11384 ||| Stepping ~*~*~tactically~*~*~ (hiding).
 11384 | D:11     | Noticed a cyclops
 11386 | D:11     | 11386 ||| Stepping ~*~*~tactically~*~*~ (hiding).
 11386 | D:11     | Noticed a cyan ugly thing
 11387 | D:11     | Noticed a six-headed hydra
 11390 | D:11     | Killed a cyclops
 11403 | D:11     | Killed a cyan ugly thing
 11406 | D:11     | HP: 21/94 [ogre/+0 giant spiked club[Lodul] (23)]
 11407 | D:11     | 11407 ||| DRINKING 2 potions of heal wounds.
 11409 | D:11     | Killed a six-headed hydra
 11410 | D:11     | Reached XP level 12. HP: 49/101 MP: 13/13
 11437 | D:11     | Reached skill level 15 in Unarmed Combat
 11456 | D:11     | Killed Lodul
 11466 | D:11     | Reached skill level 9 in Fighting
 11751 | D:11     | 11751 ||| Stepping ~*~*~tactically~*~*~ (outnumbered).
 11752 | D:11     | 11752 ||| Stepping ~*~*~tactically~*~*~ (outnumbered).
 11757 | D:11     | 11757 ||| Stepping ~*~*~tactically~*~*~ (outnumbered).
 11765 | D:11     | 11765 ||| Stepping ~*~*~tactically~*~*~ (outnumbered).
 11766 | D:11     | 11766 ||| Stepping ~*~*~tactically~*~*~ (outnumbered).
 11767 | D:11     | 11767 ||| Stepping ~*~*~tactically~*~*~ (outnumbered).
 11768 | D:11     | 11768 ||| Stepping ~*~*~tactically~*~*~ (outnumbered).
 11769 | D:11     | 11769 ||| Stepping ~*~*~tactically~*~*~ (outnumbered).
 11771 | D:11     | 11771 ||| Stepping ~*~*~tactically~*~*~ (outnumbered).
 11772 | D:11     | 11772 ||| Stepping ~*~*~tactically~*~*~ (outnumbered).
 11773 | D:11     | 11773 ||| Stepping ~*~*~tactically~*~*~ (outnumbered).
 11774 | D:11     | 11774 ||| Stepping ~*~*~tactically~*~*~ (outnumbered).
 11775 | D:11     | 11775 ||| Stepping ~*~*~tactically~*~*~ (outnumbered).
 11776 | D:11     | 11776 ||| Stepping ~*~*~tactically~*~*~ (outnumbered).
 11777 | D:11     | 11777 ||| Stepping ~*~*~tactically~*~*~ (outnumbered).
 11778 | D:11     | 11778 ||| Stepping ~*~*~tactically~*~*~ (outnumbered).
 11779 | D:11     | 11779 ||| Stepping ~*~*~tactically~*~*~ (outnumbered).
 11780 | D:11     | 11780 ||| Stepping ~*~*~tactically~*~*~ (outnumbered).
 11781 | D:11     | 11781 ||| Stepping ~*~*~tactically~*~*~ (outnumbered).
 11782 | D:11     | 11782 ||| Stepping ~*~*~tactically~*~*~ (outnumbered).
 11784 | D:11     | Reached skill level 6 in Armour
 11784 | D:11     | 11784 ||| Stepping ~*~*~tactically~*~*~ (outnumbered).
 11785 | D:11     | 11785 ||| Stepping ~*~*~tactically~*~*~ (outnumbered).
 11786 | D:11     | 11786 ||| Stepping ~*~*~tactically~*~*~ (outnumbered).
 11787 | D:11     | 11787 ||| Stepping ~*~*~tactically~*~*~ (outnumbered).
 11788 | D:11     | 11788 ||| Stepping ~*~*~tactically~*~*~ (outnumbered).
 11791 | D:11     | 11791 ||| Stepping ~*~*~tactically~*~*~ (outnumbered).
 11794 | D:11     | 11794 ||| Stepping ~*~*~tactically~*~*~ (outnumbered).
 11795 | D:11     | 11795 ||| Stepping ~*~*~tactically~*~*~ (outnumbered).
 11796 | D:11     | 11796 ||| Stepping ~*~*~tactically~*~*~ (outnumbered).
 11811 | D:11     | Noticed a two-headed ogre
 11827 | D:11     | Killed a two-headed ogre
 11901 | D:11     | 11901 ||| Stepping ~*~*~tactically~*~*~ (hiding).
 11902 | D:11     | 11902 ||| Stepping ~*~*~tactically~*~*~ (hiding).
 11909 | D:11     | 11909 ||| Stepping ~*~*~tactically~*~*~ (outnumbered).
 11910 | D:11     | 11910 ||| Stepping ~*~*~tactically~*~*~ (outnumbered).
 11913 | D:11     | 11913 ||| Stepping ~*~*~tactically~*~*~ (outnumbered).
 11914 | D:11     | 11914 ||| Stepping ~*~*~tactically~*~*~ (outnumbered).
 11915 | D:11     | 11915 ||| Stepping ~*~*~tactically~*~*~ (outnumbered).
 11916 | D:11     | 11916 ||| Stepping ~*~*~tactically~*~*~ (outnumbered).
 11917 | D:11     | 11917 ||| Stepping ~*~*~tactically~*~*~ (outnumbered).
 11918 | D:11     | 11918 ||| Stepping ~*~*~tactically~*~*~ (outnumbered).
 11919 | D:11     | 11919 ||| Stepping ~*~*~tactically~*~*~ (outnumbered).
 11920 | D:11     | 11920 ||| Stepping ~*~*~tactically~*~*~ (outnumbered).
 11921 | D:11     | 11921 ||| Stepping ~*~*~tactically~*~*~ (outnumbered).
 11922 | D:11     | 11922 ||| Stepping ~*~*~tactically~*~*~ (outnumbered).
 11924 | D:11     | 11924 ||| Stepping ~*~*~tactically~*~*~ (outnumbered).
 11992 | D:11     | 11992 ||| Stepping ~*~*~tactically~*~*~ (hiding).
 11995 | D:11     | Reached skill level 16 in Unarmed Combat
 11995 | D:11     | 11995 ||| Stepping ~*~*~tactically~*~*~ (hiding).
 11996 | D:11     | 11996 ||| Stepping ~*~*~tactically~*~*~ (hiding).
 12017 | D:11     | 12017 ||| FLEEEEING.
 12018 | D:11     | 12018 ||| FLEEEEING.
 12021 | D:11     | 12021 ||| FLEEEEING.
 12022 | D:11     | Noticed a seven-headed hydra
 12027 | D:11     | 12027 ||| Stepping ~*~*~tactically~*~*~ (outnumbered).
 12033 | D:11     | HP: 25/104 [komodo dragon (7)]
 12034 | D:11     | 12034 ||| DRINKING potion of heal wounds.
 12037 | D:11     | HP: 10/104 [seven-headed hydra (11)]
 12037 | D:11     | Slain by a seven-headed hydra

Levels and vault maps discovered:
D:1:      tarquinn_simple_flora_water_f, layout_basic,
          nicolae_concentric_dashed_squares_mild, minmay_pentomino_w2
D:2:      layout_rooms
D:3:      layout_basic, basic_ecumenical_altar, uniq_ijyb
D:4:      layout_loops_cross, kennysheep_generic_room_12, uniq_edmund
D:5:      layout_basic, gammafunk_ghost_stat_death, minmay_misc_feat_five,
          uniq_crazy_yiuf_cottage
D:6:      layout_basic, minmay_misc_feat_four_crosses
D:7:      layout_loops_corners, minmay_temple_entry_glassed_door, uniq_menkaure,
          uniq_joseph
D:8:      layout_loops_ring, dpeg_lair_monsters, serial_shops,
          kennysheep_little_box
D:9:      layout_small_grid, gammafunk_temple_overflow_forgotten,
          chequers_guarded_unrand_ignorance
D:10:     layout_layer_cave, mainiacjoe_overflow_swirl, serial_co_window_serial,
          co_window_corner_a, co_window_paths_a, co_window_corner_a,
          co_window_of_opportunity_a, co_window_corner_a, co_window_paths_c,
          co_window_broadway_b, co_window_corner_cb, co_window_4corner_a,
          glass_columns_b, hellmonk_bongcloud_opening, uniq_fannar
D:11:     layout_basic, minmay_the_grid_square_5x5_3x3_mashed
          [minmay_the_grid_square_5x5_seven,
          minmay_the_grid_square_5x5_misaligned,
          minmay_the_grid_square_5x5_sharp_hourglass,
          minmay_the_grid_square_5x5_bracketed,
          minmay_the_grid_square_5x5_megaprize_hollow,
          minmay_the_grid_square_5x5_three_walls,
          minmay_the_grid_square_5x5_shuriken,
          minmay_the_grid_square_5x5_pentomino_r,
          minmay_the_grid_square_5x5_beaten_path], uniq_lodul

Skill      XL: |  1  2  3  4  5  6  7  8  9 10 11 12 |
---------------+-------------------------------------+-----
Unarmed Combat | 1 2 3 4 5 6 7 9 11 13 14 16 | 16.0
Fighting       | 1 2 4 6 7 8 9 |  9.1
Armour         | 1 2 5 6 |  6.0
Shields        | 3 5 7 8 |  8.6
Throwing       | 1 |  1.3
Dodging        | 2 |  2.3
Short Blades   | |  0.8
Stealth        | |  3.2
Spellcasting   | |  1.7
Hexes          | |  2.4

Action                   |  1- 3 |  4- 6 |  7- 9 | 10-12 || total
-------------------------+-------+-------+-------+-------++-------
Melee: Unarmed           |   135 |   170 |   390 |   652 ||  1347
       Punch             |       |     4 |     1 |       ||     5
Throw: Boomerang         |       |    46 |    58 |    40 ||   144
  Use: Scroll            |     2 |     3 |    10 |     6 ||    21
       Potion            |       |     6 |     3 |     5 ||    14
 Stab: Sleeping          |     1 |       |       |       ||     1
Armor: Robe              |     9 |       |       |       ||     9
       Ring mail         |    24 |    42 |       |       ||    66
       Scale mail        |       |    29 |    71 |     4 ||   104
       Plate armour      |       |       |       |   121 ||   121
Dodge: Dodged            |    48 |    46 |    14 |    11 ||   119
Block: Kite shield       |       |       |   413 |   783 ||  1196
       Reflection        |       |       |    20 |    17 ||    37

Table legend:
 A = Non-vault XP
 B = Vault XP
 C = Vault XP percentage of total XP
 D = Non-vault monster count
 E = Vault monster count
 F = Vault count percentage of total count
                 A         B        C        D         E       F
            +---------+---------+-------+---------+---------+-------
      Total |   17162 |   10792 |  38.6 |     245 |      37 |  13.1
            +---------+---------+-------+---------+---------+-------
        D:1 |      36 |       1 |   2.7 |      20 |       1 |   4.8
        D:2 |      46 |       0 |   0.0 |       9 |       0 |   0.0
        D:3 |     138 |      35 |  20.2 |      21 |       1 |   4.5
        D:4 |     309 |     175 |  36.2 |      21 |       3 |  12.5
        D:5 |     570 |       0 |   0.0 |      32 |       0 |   0.0
        D:6 |    1221 |       0 |   0.0 |      15 |       0 |   0.0
        D:7 |     939 |     646 |  40.8 |      21 |       2 |   8.7
        D:8 |    2386 |    3056 |  56.2 |      32 |       6 |  15.8
        D:9 |    3028 |       0 |   0.0 |      34 |       0 |   0.0
       D:10 |    2895 |     852 |  22.7 |      23 |       1 |   4.2
       D:11 |    5594 |    6027 |  51.9 |      17 |      23 |  57.5
            +---------+---------+-------+---------+---------+-------
